 Dungeon Crawl Stone Soup version 0.29-a0-322-g68df515428 (webtiles) character file.

Game seed: 4295036686671189754

728 Bnni the Ruffian (level 7, -1/50 HPs)
             Began as an Octopode Fighter on Apr 5, 2022.
             Was an Initiate of Gozag.
             Slain by a gnoll
             ... wielding a +0 halberd
              (11 damage)
             ... on level 5 of the Dungeon.
             The game lasted 00:04:40 (4267 turns).

Bnni the Ruffian (Octopode Fighter)                 Turns: 4267, Time: 00:04:42

Health: -1/50      AC:  1    Str: 15    XL:     7   Next: 72%
Magic:  7/7        EV: 15    Int: 10    God:    Gozag
Gold:   338        SH: 10    Dex: 20    Spells: 6/6 levels left

rFire   + . .      SeeInvis .   m - +6 hand axe "Rigoomur" {venom, rPois rF+ rCorr}
rCold   . . .      Faith    .   a - +0 buckler
rNeg    + + .      Spirit   .   (helmet restricted)
rPois   +          Reflect  +   l - amulet of reflection
rElec   .          Harm     .   i - ring of positive energy
rCorr   +          Rampage  .   j - ring of willpower
Will    +....                   q - +6 ring of dexterity
Stlth   +.........              s - ring of positive energy
HPRegen 0.16/turn               (no ring)
MPRegen 0.10/turn               (no ring)
                                (no ring)
                                (no ring)

@: lit by a corona, gold aura, glowing
A: almost no armour, amphibious, 8 rings, camouflage 1, gelatinous body 1,
(nimble swimmer 1), tentacles
a: Renounce Religion, Potion Petition, Call Merchant, Bribe Branch


You were on level 5 of the Dungeon.
You worshipped Gozag.
Gozag was aware of your devotion.
You visited 2 branches of the dungeon, and saw 6 of its levels.

You collected 440 gold pieces.
You paid 102 gold pieces to Gozag.

Inventory:

Hand Weapons
 m - the +6 hand axe "Rigoomur" (weapon) {venom, rPois rF+ rCorr}
   (You found it on level 2 of the Dungeon)

   It poisons the flesh of those it strikes.
   rF:        It protects you from fire.
   rPois:     It protects you from poison.
   rCorr:     It protects you from acid and corrosion.
Missiles
 u - 4 poisoned darts (quivered)
 w - a throwing net
Armour
 a - a +0 buckler (worn)
Jewellery
 i - a ring of positive energy (left tentacle)
 j - a ring of willpower (right tentacle)
 l - an amulet of reflection (around mantle)
 q - a +6 ring of dexterity (on tentacle)
 s - a ring of positive energy (on tentacle)
Scrolls
 b - a scroll of noise {unknown}
 d - a scroll of silence
 f - 2 scrolls of teleportation
 g - a scroll of enchant weapon
 h - 2 scrolls of enchant armour {unknown}
 k - 2 scrolls of vulnerability {unknown}
 p - a scroll of identify
 t - 2 scrolls of fear {unknown}
Potions
 c - a potion of brilliance {unknown}
 e - 3 potions of mutation
 n - 2 potions of curing {unknown}
 o - a potion of degeneration {unknown}
 r - a potion of flight {unknown}
 v - a potion of might


   Skills:
 + Level 5.2 Fighting
 + Level 4.4 Dodging
 - Level 3.0 Shields
 * Level 6.4 Unarmed Combat


You had 6 spell levels left.
You didn't know any spells.
Your spell library contained the following spells:

 Spells                   Type           Power      Damage    Failure   Level
 Conjure Flame            Conj/Fire      0%         6-21      83%         3
 Ignite Poison            Fire/Tmut/Pois 0%         N/A       83%         3
 Sticky Flame             Conj/Fire      0%         2d3       99%         4


Dungeon Overview and Level Annotations

Branches:
Dungeon (5/15)             Temple (1/1) D:4

Altars:
Ashenzari
Cheibriados
Elyvilon
Fedhas
Gozag
Hepliaklqana
Kikubaaqudgha
Qazlal
Ru
Vehumet
Yredelemnul


Innate Abilities, Weirdness & Mutations

You cannot wear most types of armour.
You are amphibious.
You can wear up to eight rings at the same time.
Your skin changes colour to match your surroundings (Stealth+).
Your rubbery body absorbs attacks. (AC +1, EV +1)
((You are camouflaged when in or above water. (Stealth+)))
You have tentacles for arms and can constrict up to eight enemies at once.


Message History

A gnoll comes into view. It is wielding a +0 spear.
The gnoll shouts! x2; The gnoll shaman shouts!
You hit the gnoll. Your grab misses the gnoll. You tentacle-slap the gnoll.
You squeeze the gnoll.
You kill the gnoll!
You hit the gnoll shaman. Your grab misses the gnoll shaman.
The gnoll shaman is moderately wounded.
You hit the gnoll. You block the gnoll's attack.
The gnoll shaman barely misses you.
You barely miss the gnoll shaman. Your grab misses the gnoll shaman.
The gnoll shaman is moderately wounded.
You barely miss the gnoll. The gnoll misses you.
The gnoll hits you with a +0 club. The gnoll closely misses you.
The gnoll shaman closely misses you.
You hit the gnoll shaman. Your grab misses the gnoll shaman.
The gnoll shaman is moderately wounded.
You barely miss the gnoll. The gnoll misses you. You block the gnoll's attack.
You block the gnoll shaman's attack. You block the gnoll's attack.
The gnoll shaman invokes the aid of its god against you.
You are outlined in light.
The gnoll hits you from afar with a +0 halberd!
The gnoll hits you from afar with a +0 spear.
You hit the gnoll shaman. You grab the gnoll shaman.
The gnoll shaman is heavily wounded.
You hit the gnoll.
The gnoll is poisoned.
You constrict the gnoll shaman.
The gnoll is distracted by your dazzling golden aura.
The gnoll hits you with a +0 club! The gnoll closely misses you.
The gnoll shaman hits you with a +0 club!
* * * LOW HITPOINT WARNING * * *
The gnoll shouts!
Okay, then.
Okay, then.
You slash the gnoll shaman!
The gnoll shaman is poisoned.
You squeeze the gnoll shaman.
You kill the gnoll shaman!
You hit the gnoll but do no damage.
The gnoll looks as sick as possible!
You block the gnoll's attack.
The gnoll hits you from afar with a +0 halberd!
You die...
Your body crumbles into a pile of gold.

#..##..# ##..## ##
##....# #.....##
##..##..# ##..####.##
##..##.....##
#...#.......#########
##..#.........@.g.....
#..#.........$g$g.....
######......#.######..
##########


You could see 3 gnolls.

Vanquished Creatures
  Eustachio (D:5)
  A black bear (D:5)
  An ice beast (D:4)
  A phantom (D:5)
  A scorpion (D:4)
  A gnoll shaman (D:5)
  A jelly (D:5)
  3 iguanas
  Robin (D:3)
  5 gnolls
  2 adders (D:2)
  3 worms
  A dart slug (D:4)
  6 endoplasms
  5 giant cockroaches
  14 goblins
  10 hobgoblins
  4 jackals
  9 kobolds
  2 quokkas
  3 ball pythons
  9 bats
  A frilled lizard (D:2)
  3 rats
88 creatures vanquished.

Vanquished Creatures (others)
  An adder (D:2)
  A withered plant (D:3)
2 creatures vanquished.

Grand Total: 90 creatures vanquished

Notes
Turn   | Place    | Note
-------+----------+-------------------------------------------
     0 | D:1      | Bnni the Octopode Fighter began the quest for the Orb.
     0 | D:1      | Reached XP level 1. HP: 16/16 MP: 1/1
   187 | D:1      | Reached XP level 2. HP: 18/21 MP: 2/2
   557 | D:1      | Reached skill level 3 in Unarmed Combat
   563 | D:1      | Reached XP level 3. HP: 26/26 MP: 3/3
  1536 | D:2      | Found a faded altar of an unknown god.
  1717 | D:2      | Reached XP level 4. HP: 28/32 MP: 4/4
  1857 | D:2      | Identified the +6 hand axe "Rigoomur" {venom, rPois rF+
                  | rCorr}
  2109 | D:3      | Noticed Robin
  2118 | D:3      | Killed Robin
  2119 | D:3      | Reached skill level 4 in Unarmed Combat
  2373 | D:3      | Reached XP level 5. HP: 37/37 MP: 5/5
  2495 | D:3      | Found an ancient bone altar of Kikubaaqudgha.
  2926 | D:4      | Found a staircase to the Ecumenical Temple.
  3160 | Temple   | Entered the Ecumenical Temple
  3209 | Temple   | Became a worshipper of Gozag Ym Sagoz the Greedy
  3398 | D:4      | Reached XP level 6. HP: 39/44 MP: 6/6
  3518 | D:4      | Noticed an ice beast
  3524 | D:4      | Killed an ice beast
  3525 | D:4      | Reached skill level 5 in Unarmed Combat
  3849 | D:5      | Entered Level 5 of the Dungeon
  3892 | D:5      | Reached XP level 7. HP: 37/49 MP: 7/7
  4055 | D:5      | Noticed Eustachio
  4078 | D:5      | Killed Eustachio
  4079 | D:5      | Reached skill level 5 in Fighting
  4079 | D:5      | Reached skill level 6 in Unarmed Combat
  4267 | D:5      | Slain by a gnoll

Illustrated notes

Levels and vault maps discovered:
D:1:      dpeg_cavernosity, layout_loops_corners, st_stairs_8
D:2:      layout_loops_ring, basic_ecumenical_altar, lemuel_flame_loot_1
D:3:      layout_basic, kiku_gazebo_garden_becter, minmay_hedge_maze, uniq_robin
D:4:      layout_loops_cross, lemuel_temple_firewalk_b
D:5:      layout_cave_pods, tso_oasis_becter, uniq_eustachio
Temple:   nicolae_temple_elliptical

Skill      XL: |  1  2  3  4  5  6  7 |
---------------+----------------------+-----
Unarmed Combat | 3 4 5 6 |  6.4
Fighting       | 4 5 |  5.2
Dodging        | 4 |  4.4
Shields        | |  3.0

Action                   |  1- 3 |  4- 6 |  7- 9 || total
-------------------------+-------+-------+-------++-------
Melee: Unarmed           |    69 |    14 |       ||    83
       Constrict         |    20 |    16 |     5 ||    41
       Tentacles         |    13 |    21 |     8 ||    42
       Punch             |     3 |     1 |     1 ||     5
       Hand axe          |       |    68 |    22 ||    90
  Use: Scroll            |       |     4 |       ||     4
       Potion            |       |     1 |       ||     1
 Stab: Sleeping          |     8 |    11 |       ||    19
Armor: Skin              |     5 |     3 |     2 ||    10
Dodge: Dodged            |    40 |    34 |    15 ||    89
Block: Buckler           |    13 |    27 |    12 ||    52
       Reflection        |       |     2 |       ||     2

Table legend: (Time is in decaauts)
 A = Elapsed time spent in this place.
 B = Non-inter-level travel time spent in this place.
 C = Inter-level travel time spent in this place.
 D = Time resting spent in this place.
 E = Time spent auto-exploring this place.
 F = Levels seen in this place.
 G = Mean time per level.
                   A        B        C        D        E       F      G
               +--------+--------+--------+--------+--------+-----+--------+
         Total |   4293 |   4059 |    234 |    200 |   3186 |   6 |  715.5 |
       Dungeon |   4209 |   4008 |    201 |    200 |   3151 |   5 |  841.8 |
        Temple |     83 |     50 |     33 |      0 |     35 |   1 |   83.0 |
               +--------+--------+--------+--------+--------+-----+--------+

Top non-repeatable levels by time:
     D:1: 1123 daAuts
     D:4: 1015 daAuts
     D:2: 887 daAuts
     D:3: 755 daAuts
     D:5: 428 daAuts
  Temple: 83 daAuts
